 Dungeon Sprint DCSS version 0.18-b1-18-g7758cf2 (webtiles) character file.

32 Kidiri the Sneak (level 3, -2/18 HPs)
             Began as a Spriggan Enchanter on May 2, 2016.
             Slain by a wolf (11 damage)
             ... in the Dungeon (Sprint III: "The Ten Rune Challenge").
             The game lasted 00:01:07 (158 turns).

Kidiri the Sneak (Spriggan Enchanter)                Turns: 158, Time: 00:01:08

Health: -2/18      AC:  3    Str:  4    XL:     3   Next: 8%
Magic:  9/9        EV: 20    Int: 16    God:
Gold:   0          SH:  0    Dex: 17    Spells: 4 memorised, 1 level left

rFire  . . .     SeeInvis +     a - +1 dagger
rCold  . . .     Gourm    .     b - +1 robe
rNeg   . . .     Faith    .     (shield restricted)
rPois  .         Spirit   .     (helmet restricted)
rElec  .         Dismiss  .     (no cloak)
rCorr  .         Reflect  .     (gloves unavailable)
SustAt .         Harm     .     (boots unavailable)
MR     .....     NoTele   +     (no amulet)
Stlth  ++++......               (no ring)
                                (no ring)

@: very slightly contaminated, very quick, not resistant to hostile
enchantments, stealthy
A: unfitting armour, see invisible, herbivore 3, speed 3, slow metabolism 2
a: no special abilities


You were in the Dungeon.
You were not hungry.

You visited 1 branch

Inventory:

Hand Weapons
 a - a +1 dagger (weapon)
Armour
 b - a +1 robe (worn)
Scrolls
 j - a scroll of blinking
 k - a scroll of identify {unknown}
Potions
 e - a potion of curing
 f - a potion of heal wounds
 g - a potion of haste
 h - a potion of magic
 i - a potion of berserk rage
Books
 c - a book of Maledictions

   Spells                             Type                      Level
   a - Corona                         Hexes                        1
   b - Ensorcelled Hibernation        Hexes/Ice                    2
   c - Confuse                        Hexes                        3
   d - Tukima's Dance                 Hexes                        3
   e - Dazzling Spray                 Conjuration/Hexes            3
Comestibles
 d - a bread ration


   Skills:
 + Level 1.0 Fighting
 * Level 2.9 Short Blades
 + Level 1.0 Armour
 * Level 4.9 Dodging
 * Level 5.7 Stealth
 * Level 4.4 Spellcasting
 + Level 0.0 Conjurations
 + Level 4.2 Hexes
 + Level 0.0 Ice Magic


You had one spell level left.
You knew the following spells:

 Your Spells              Type           Power        Failure   Level  Hunger
a - Corona                Hex            ###....      3%          1    None
b - Ensorcelled Hibernat  Hex/Ice        ##....       12%         2    ##.....
c - Confuse               Hex            ###.....     12%         3    ###....
e - Dazzling Spray        Conj/Hex       ##......     21%         3    ###....


Dungeon Overview and Level Annotations

Branches:
Dungeon (1/1)

Altars:


Innate Abilities, Weirdness & Mutations

You are tiny and cannot use many weapons and most armour.
You have supernaturally acute eyesight.
You are a herbivore.
You cover ground extremely quickly.
You need consume almost no food.


Message History

The wolf is severely wounded.
Unknown command.
Casting: Dazzling Spray
Confirm with . or Enter, or press ? or * to list all spells.
Aiming: Dazzling Spray
Press: ? - help, Shift-Dir - straight line, f/p - human
Aim: a human (almost dead, blind, hasn't noticed you)
The spray of energy hits the human.
The human is almost dead.
The human is dazzled.
Unknown command.
You hit the wolf but do no damage.
The wolf is severely wounded.
The wolf completely misses you. The wolf closely misses you.
Drink which item? (? for menu, Esc to quit)
Magic courses through your body. The wolf bites you!
Ouch! That really hurt!
The wolf bites you!
Ouch! That really hurt!
You die...

▓..%..#
▓.....#...≈≈..♣ #
▓.....#..≈≈≈≈.♣♣ .+
▓####'#..≈≈≈≈≈≈♣♣.#
▓%....#.≈≈≈≈≈≈....#
▓.).%.#p≈≈≈≈≈.....#
▓.....#.≈≈≈.......#
▓'#####.p.........#
▓...@h............#
▓▓▓▓▓▓▓▓▓▓▓▓▓▓▓▓▓▓▓


You could see a human (blind) and a wolf.

Vanquished Creatures
  Jessica (D)
  An ooze (D)
  2 rats (D)
4 creatures vanquished.

Vanquished Creatures (others)
  2 yaktaurs (D)
2 creatures vanquished.

Grand Total: 6 creatures vanquished

Notes
Turn   | Place    | Note
--------------------------------------------------------------
     0 | D        | Kidiri the Spriggan Enchanter began the quest for the Orb.
     0 | D        | Reached XP level 1. HP: 9/9 MP: 5/5
    14 | D        | Noticed Jessica
    19 | D        | Killed Jessica
    19 | D        | Reached skill level 1 in Fighting
    19 | D        | Reached skill level 1 in Armour
    19 | D        | Reached skill level 5 in Stealth
    19 | D        | Reached XP level 2. HP: 14/14 MP: 6/8
    19 | D        | Reached XP level 3. HP: 18/18 MP: 6/9
    23 | D        | Learned a level 2 spell: Ensorcelled Hibernation
    27 | D        | Learned a level 3 spell: Confuse
    31 | D        | Learned a level 3 spell: Dazzling Spray
    34 | D        | Killed a yaktaur
    55 | D        | Killed a yaktaur
   158 | D        | Slain by a wolf

Skill      XL: |  1 |
---------------+----+-----
Dodging        | 4 |  4.9
Spellcasting   | 4 |  4.4
Fighting       | 1 |  1.0
Short Blades   | 2 |  2.9
Armour         | 1 |  1.0
Stealth        | 5 |  5.7
Hexes          | 4 |  4.2

Action                   || total
-------------------------++-------
Melee: Dagger            ||     6
 Cast: Dazzling Spray    ||     4
       Ensorcelled Hiber ||     1
  Use: Potion            ||     1
 Stab: Sleeping          ||     4
Dodge: Dodged            ||     3
